 Dungeon Crawl Stone Soup version 0.25.1-2-g60ff931df9 (webtiles) character file.

Game seed: 10840958667882509326

23 Acheron the Ruffian (level 2, -1/23 HPs)
             Began as a Draconian Transmuter on Nov 11, 2020.
             Slain by a gnoll
             ... wielding a +0 spear
              (5 damage)
             ... on level 2 of the Dungeon.
             The game lasted 00:02:30 (416 turns).

Acheron the Ruffian (Draconian Transmuter)           Turns: 416, Time: 00:02:31

Health: -1/23      AC:  5    Str: 12    XL:     2   Next: 75%
Magic:  5/5        EV: 12    Int: 13    God:
Gold:   36         SH:  0    Dex: 11    Spells: 4/5 levels left

rFire    . . .     SeeInvis .   d - +0 hand axe
rCold    . . .     Gourm    .   (no shield)
rNeg     . . .     Faith    .   (armour unavailable)
rPois    .         Spirit   .   (helmet restricted)
rElec    .         Reflect  .   (no cloak)
rCorr    .         Harm     .   f - +0 pair of gloves
MR       .....                  (no boots)
Stlth    +.........             (no amulet)
HPRegen  0.07/turn              (no ring)
MPRegen  0.09/turn              (no ring)

@: no status effects
A: unfitting armour, cold-blooded, AC +4
a: no special abilities


You were on level 2 of the Dungeon.
You were not hungry.

You visited 1 branch of the dungeon, and saw 2 of its levels.

You collected 36 gold pieces.

Inventory:

Hand Weapons
 d - a +0 hand axe (weapon)
Missiles
 a - 12 arrows
 i - 16 stones (quivered)
 k - 12 poisoned darts
Armour
 f - a +0 pair of gloves (worn)
Jewellery
 b - an uncursed ring of protection from magic {unknown}
 l - a +4 ring of evasion {unknown}
Potions
 e - a potion of mutation {unknown}
 g - a potion of stabbing {unknown}
 j - a potion of degeneration {unknown}
Comestibles
 c - 2 rations
 h - 2 chunks of flesh


   Skills:
 + Level 1.1 Fighting
 + Level 0.7 Axes
 * Level 2.1 Dodging
 * Level 0.9 Stealth
 + Level 3.4 Unarmed Combat
 + Level 2.0 Spellcasting
 + Level 2.0 Transmutations


You had 4 spell levels left.
You knew the following spells:

 Your Spells              Type           Power        Failure   Level  Hunger
a - Beastly Appendage     Tmut           #.....       11%         1    ##.....

Your spell library contained the following spells:

 Spells                   Type           Power        Failure   Level  Hunger
 Sticks to Snakes         Tmut           #.......     17%         2    ###....
 Spider Form              Tmut/Pois      #.........   45%         3    ####...
 Ice Form                 Ice/Tmut       #.......     86%         4    #####..
 Blade Hands              Tmut           #.........   97%         5    ######.


Dungeon Overview and Level Annotations

Branches:
Dungeon (2/15)

Altars:


Innate Abilities, Weirdness & Mutations

Your plain brown scales are hard. (AC +4)
You cannot fit into any form of body armour.
You are cold-blooded and may be slowed by cold attacks.


Message History

The gnoll shouts! x2
Some of the chunks of flesh in your inventory have rotted away.
Found a stone staircase leading down.
The gnoll shouts!
You hit the gnoll. You tail-slap the gnoll.
The gnoll is moderately wounded.
You slash the gnoll!
The gnoll is heavily wounded.
You hit the gnoll. The gnoll misses you. The gnoll closely misses you.
The gnoll barely misses you.
You hit the gnoll.
The gnoll is severely wounded.
The gnoll hits you with a +0 club!
The gnoll hits you from afar with a +0 spear.
You barely miss the gnoll. You tail-slap the gnoll.
The gnoll is almost dead.
The gnoll hits you with a +0 club.
* * * LOW HITPOINT WARNING * * *
The gnoll hits you from afar with a +0 spear.
You die...

##> .# ##..
.## ... ..#
.. ..#
#.#..#
###....#
#..gg..#
####g#.#
..#@#.#
#.#.#.#
#.#.#.#
#####.....#
..........#
....
####.....##
##.$
#.##.## #.
#.# # #.#


You could see 3 gnolls.

Vanquished Creatures
  An adder (D:2)
  2 leopard geckos (D:1)
  2 giant cockroaches (D:1)
  3 goblins (D:1)
  2 bats (D:1)
  A frilled lizard (D:1)
  2 rats (D:1)
13 creatures vanquished.

Notes
Turn   | Place    | Note
-------+----------+-------------------------------------------
     0 | D:1      | Acheron the Draconian Transmuter began the quest for the
                  | Orb.
     0 | D:1      | Reached XP level 1. HP: 16/16 MP: 3/3
   179 | D:1      | Reached XP level 2. HP: 23/23 MP: 5/5
   416 | D:2      | Slain by a gnoll

Illustrated notes

Levels and vault maps discovered:
D:1:      roderic_chinese_lattice_arrival, layout_loops_ring
D:2:      layout_loops_ring, nicolae_overflow_hidden_temple,
          chequers_temple_overflow_statue_of_worship,
          chequers_ecumenical_altar_simple

Skill      XL: |  1  2 |
---------------+-------+-----
Dodging        | 2 |  2.1
Fighting       | |  1.1
Axes           | |  0.7
Stealth        | |  0.9
Unarmed Combat | |  3.4
Spellcasting   | |  2.0
Transmutations | |  2.0

Action                   || total
-------------------------++-------
Melee: Hand axe          ||    48
       Tailslap          ||     8
Armor: Skin              ||    21
Dodge: Dodged            ||    42
